 Dungeon Crawl Stone Soup version 0.27-a0-1548-gf8a67e7463 (webtiles) character file.

Game seed: 907376305778261505

217 Spaninq the Ruffian (level 5, 0/42 HPs)
             Began as a Draconian Transmuter on July 13, 2021.
             Slain by a killer bee (4 damage)
             ... on level 4 of the Dungeon.
             The game lasted 00:08:03 (3383 turns).

Spaninq the Ruffian (Draconian Transmuter)          Turns: 3383, Time: 00:08:07

Health: 0/42       AC:  5    Str: 13    XL:     5   Next: 61%
Magic:  9/9        EV: 12    Int: 14    God:
Gold:   66         SH:  0    Dex: 11    Spells: 9/10 levels left

rFire    . . .     SeeInvis .     - Unarmed
rCold    . . .     Faith    .   (no shield)
rNeg     . . .     Spirit   .   (armour unavailable)
rPois    .         Reflect  .   (helmet restricted)
rElec    .         Harm     .   (no cloak)
rCorr    .         Rampage  .   (no gloves)
Will     .....                  (no boots)
Stlth    +.........             (no amulet)
HPRegen  0.14/turn              (no ring)
MPRegen  0.11/turn              (no ring)

@: lethally poisoned (0 -> -11)
A: AC +5, unfitting armour, cold-blooded
a: no special abilities


You were on level 4 of the Dungeon.
You visited 1 branch of the dungeon, and saw 4 of its levels.

You collected 66 gold pieces.

Inventory:

Scrolls
 a - 2 scrolls of silence {unknown}
 c - a scroll of fear {unknown}
 e - a scroll of fog {unknown}
 h - a scroll of identify {unknown}
 k - a scroll of brand weapon {unknown}
Potions
 b - a potion of ambrosia {unknown}
 i - a potion of might {unknown}
 j - a potion of resistance {unknown}


   Skills:
 + Level 2.4 Fighting
 + Level 2.6 Dodging
 * Level 4.4 Unarmed Combat
 + Level 3.0 Spellcasting
 + Level 2.9 Transmutations


You had 9 spell levels left.
You knew the following spells:

 Your Spells              Type           Power      Damage    Failure   Level
a - Beastly Appendage     Tmut           20%        N/A       6%          1

Your spell library contained the following spells:

 Spells                   Type           Power      Damage    Failure   Level
 Wereblood                Tmut           10%        N/A       10%         2
 Summon Small Mammal      Summ           8%         N/A       22%         1
 Spider Form              Tmut/Pois      3%         N/A       34%         3
 Call Canine Familiar     Summ           2%         N/A       54%         3
 Gell's Gravitas          Tloc           1%         N/A       54%         3
 Lesser Beckoning         Tloc           1%         N/A       54%         3
 Summon Guardian Golem    Hex/Summ       2%         N/A       54%         3
 Teleport Other           Tloc           2%         N/A       54%         3
 Ice Form                 Ice/Tmut       6%         N/A       75%         4


Dungeon Overview and Level Annotations

Branches:
Dungeon (4/15)
 Temple: D:4-7

Altars:

Shops:
D:3 **


Innate Abilities, Weirdness & Mutations

Your plain brown scales are hard. (AC +5)
You cannot fit into any form of body armour.
You are cold-blooded and may be slowed by cold attacks.


Message History

You miss the killer bee.
Your transformation is almost over.
The killer bee stings you.
You are poisoned.
The killer bee poisons you! The killer bee completely misses you.
You feel better. The killer bee stings you. The killer bee misses you.
You barely miss the killer bee. Your kick misses the killer bee.
The killer bee barely misses you.
The killer bee stings you but does no damage.
You barely miss the killer bee. Your kick misses the killer bee.
Your headbutt misses the killer bee.
Your tail-slap misses the killer bee.
The killer bee misses you.
The killer bee stings you but does no damage.
You miss the killer bee. Your kick misses the killer bee.
The killer bee closely misses you. The killer bee stings you.
You are poisoned.
The killer bee poisons you!
It was a potion of haste.
You feel yourself speed up.
You feel sick. The killer bee stings you.
* * * LOW HITPOINT WARNING * * *
The killer bee closely misses you.
You miss the killer bee. Your headbutt misses the killer bee.
You feel sick. The killer bee misses you.
You barely miss the killer bee. Your headbutt misses the killer bee.
The killer bee stings you.
* * * LOW HITPOINT WARNING * * *
You are lethally poisoned!
The killer bee poisons you!
You punch the killer bee! You claw the killer bee.
Your headbutt misses the killer bee.
The killer bee is severely wounded.
* * * LOW HITPOINT WARNING * * *
You feel sick. The killer bee closely misses you.
It was a potion of cancellation.
Your magical effects are unravelling.
You feel magically purged.
Your horns disappear.
Your talons disappear.
You feel yourself slow down.
* * * LOW HITPOINT WARNING * * *
You feel sick. The killer bee stings you.
You die... .# . .# ##. .# #.# # .#..#.# .#.#. yyy

#y# #@#
#.# #.#
#.# #.#
#.# #.##
#..#
#######..#


You could see 4 killer bees.

Vanquished Creatures
  A killer bee (D:4)
  A bullfrog skeleton (D:3)
  Jessica (D:2)
  Robin (D:2)
  4 adders
  An adder skeleton (D:3)
  An orc (D:3)
  3 endoplasms (D:1)
  2 giant cockroaches (D:1)
  6 hobgoblins
  2 jackals (D:1)
  8 kobolds
  2 quokkas (D:2)
  5 ball pythons
  4 bats
  4 frilled lizards
  15 goblins
  3 rats
  A spectral hobgoblin (D:3)
65 creatures vanquished.

Notes
Turn   | Place    | Note
-------+----------+-------------------------------------------
     0 | D:1      | Spaninq the Draconian Transmuter began the quest for the
                  | Orb.
     0 | D:1      | Reached XP level 1. HP: 16/16 MP: 3/3
   244 | D:1      | Reached XP level 2. HP: 20/23 MP: 3/5
  1089 | D:1      | Reached XP level 3. HP: 23/28 MP: 4/6
  1185 | D:2      | Noticed Jessica
  1190 | D:2      | Killed Jessica
  1224 | D:2      | Noticed Robin
  1256 | D:2      | Killed Robin
  1257 | D:2      | Reached XP level 4. HP: 25/36 MP: 5/7
  2199 | D:2      | Reached skill level 4 in Unarmed Combat
  2567 | D:3      | Found a faded altar of an unknown god.
  2665 | D:3      | Found Gut Buta's Assorted Antiques.
  2757 | D:3      | Reached XP level 5. HP: 37/41 MP: 7/9
  2904 | D:3      | Found Monatrud's Assorted Antiques.
  3383 | D:4      | Slain by a killer bee

Illustrated notes

Levels and vault maps discovered:
D:1:      psy_arrival_terrarium, layout_loops_ring, hangedman_decor_slide_cut
D:2:      layout_loops_corners, uniq_robin, uniq_jessica
D:3:      layout_loops_ring, dreamdust_ecumenical_altar_drowned_temple,
          serial_shops, shop, shop, minivault_11
D:4:      layout_loops_ring, nicolae_ossuary_entry_catacombs,
          cheibrodos_gnoll_hut, uniq_crazy_yiuf_cottage, uniq_edmund

Skill      XL: |  1  2  3  4  5 |
---------------+----------------+-----
Dodging        | 2 |  2.6
Fighting       | 2 |  2.4
Unarmed Combat | 4 |  4.4
Spellcasting   | 3 |  3.0
Transmutations | |  2.9

Action                   |  1- 3 |  4- 6 || total
-------------------------+-------+-------++-------
Melee: Unarmed           |    93 |    80 ||   173
       Kick              |    14 |    16 ||    30
       Tailslap          |     6 |     6 ||    12
       Headbutt          |     7 |     7 ||    14
       Punch             |     2 |     1 ||     3
 Cast: Beastly Appendage |    19 |    21 ||    40
  Use: Potion            |       |     5 ||     5
 Stab: Distracted        |     1 |       ||     1
       Sleeping          |       |     1 ||     1
Armor: Skin              |    30 |    20 ||    50
Dodge: Dodged            |    43 |    59 ||   102

Table legend: (Time is in decaauts)
 A = Elapsed time spent in this place.
 B = Non-inter-level travel time spent in this place.
 C = Inter-level travel time spent in this place.
 D = Time resting spent in this place.
 E = Time spent auto-exploring this place.
 F = Levels seen in this place.
 G = Mean time per level.
                   A        B        C        D        E       F      G
               +--------+--------+--------+--------+--------+-----+--------+
         Total |   3377 |   3272 |    105 |    255 |   2525 |   4 |  844.2 |
       Dungeon |   3377 |   3272 |    105 |    255 |   2525 |   4 |  844.2 |
               +--------+--------+--------+--------+--------+-----+--------+

Top non-repeatable levels by time:
     D:2: 1283 daAuts
     D:1: 1181 daAuts
     D:3: 844 daAuts
     D:4: 68 daAuts
